 Dungeon Crawl Stone Soup version 0.29-a0-234-g0dae59b3db (webtiles) character file.

Game seed: 14365443428596691108

316 sammy202020 the Skirmisher (level 6, -8/48 HPs)
             Began as a Demonspawn Berserker on Mar 3, 2022.
             Was a Priest of Trog.
             Mangled by a two-headed ogre
             ... wielding a +0 giant spiked club
              (27 damage)
             ... on level 4 of the Dungeon.
             The game lasted 00:05:23 (4335 turns).

sammy202020 the Skirmisher (Demonspawn Berserker)   Turns: 4335, Time: 00:05:24

Health: -8/48      AC: 12    Str: 19    XL:     6   Next: 20%
Magic:  6/6        EV:  6    Int: 15    God:    Trog [***...]
Gold:   273        SH:  0    Dex: 12    Spells: 5/5 levels left

rFire   . . .      SeeInvis .   o - +0 flail (flame)
rCold   . . .      Faith    .   (no shield)
rNeg    . . .      Spirit   .   g - +0 plate armour
rPois   .          Reflect  .   (helmet restricted)
rElec   .          Harm     .   (no cloak)
rCorr   .          Rampage  .   (no gloves)
Will    .....                   i - +0 pair of boots
Stlth   ..........              (no amulet)
HPRegen 0.16/turn               r - +6 ring of intelligence
MPRegen 0.10/turn               (no ring)

@: no status effects
A: antennae 1, foul stench 1, spiny 1
a: Renounce Religion, Berserk, Trog's Hand


You were on level 4 of the Dungeon.
You worshipped Trog.
Trog was most pleased with you.
You visited 1 branch of the dungeon, and saw 4 of its levels.

You collected 273 gold pieces.

Inventory:

Hand Weapons
 a - a +0 mace
 o - a +0 flail of flaming (weapon)
Missiles
 k - 5 atropa-tipped darts (quivered)
 p - a boomerang
Armour
 g - a +0 plate armour (worn)
 i - a +0 pair of boots (worn)
Jewellery
 c - a ring of fire
 r - a +6 ring of intelligence (left hand)
Wands
 b - a wand of iceblast (6)
Scrolls
 d - a scroll of vulnerability
 j - 2 scrolls of identify
Potions
 e - 4 potions of curing
 f - 2 potions of heal wounds
 h - 2 potions of lignification {unknown}
 l - 2 potions of flight {unknown}
 m - a potion of magic {unknown}
 n - a potion of ambrosia {unknown}
 q - a potion of mutation {unknown}


   Skills:
 + Level 4.2 Fighting
 + Level 4.0 Maces & Flails
 + Level 3.2 Armour
 + Level 3.3 Dodging


You had 5 spell levels left.
You didn't know any spells.
Your spell library was empty.

Dungeon Overview and Level Annotations

Branches:
Dungeon (4/15)
 Temple: D:4-7

Altars:


Innate Abilities, Weirdness & Mutations

You have a pair of small antennae on your head.
You may rarely emit foul miasma when damaged in melee.
You are partially covered in sharp spines.


Message History

You kill the orc!
Trog accepts your kill.
Your Maces & Flails skill increases to level 4!
You closely miss the orc. The orc hits you but does no damage.
The orc is struck by your spines. The orc barely misses you.
You closely miss the orc.
The orc is lightly wounded.
The orc barely misses you.
You sock the orc! You burn the orc.
You kill the orc!
Trog accepts your kill.
You hit the orc. You burn the orc.
You kill the orc!
Trog accepts your kill.
The two-headed ogre hits you with a +0 giant spiked club!!
The two-headed ogre hits you with a +0 giant spiked club.
Items here: )))) ††.
You are too injured to fight recklessly!
You are too injured to fight recklessly!
You are too injured to fight recklessly!
You are too injured to fight recklessly!
You are too injured to fight recklessly!
You are too injured to fight recklessly!
You are too injured to fight recklessly!
You are too injured to fight recklessly!
You are too injured to fight recklessly!
You are too injured to fight recklessly!
You are too injured to fight recklessly!
You are too injured to fight recklessly!
You are too injured to fight recklessly!
You are too injured to fight recklessly!
You are too injured to fight recklessly!
You are too injured to fight recklessly!
You are too injured to fight recklessly!
You are too injured to fight recklessly!
You hit the two-headed ogre. You burn the two-headed ogre.
The two-headed ogre is lightly wounded.
The two-headed ogre hits you with a +0 giant spiked club!!
Ouch! That really hurt!
You die...

#.###### #......#
..# .(..##.# #.#
###.##.# #.#
#.##.# #># #.##.#
#.# #.##.##### #o#
..##.....# #O#
########.# #@# #.#
#.# ##.## #.#
##...## #.#
##.....###.# #.#
##.......##.#
..####.........#.#
####...........#.#
#.#.........#.#


You could see a two-headed ogre and an orc.

Vanquished Creatures
  A water moccasin (D:3)
  A hound (D:4)
  An orc wizard (D:3)
  Robin (D:3)
  4 adders
  A worm (D:2)
  A dart slug (D:4)
  13 orcs
  7 endoplasms
  9 goblins
  11 hobgoblins
  5 jackals
  5 quokkas
  8 ball pythons
  3 frilled lizards
  8 kobolds
  6 rats
85 creatures vanquished.

Notes
Turn   | Place    | Note
-------+----------+-------------------------------------------
     0 | D:1      | sammy202020 the Demonspawn Berserker began the quest for
                  | the Orb.
     0 | D:1      | Reached XP level 1. HP: 18/18 MP: 1/1
   337 | D:1      | Gained mutation: You are partially covered in sharp spines.
                  | [demonic ancestry]
   337 | D:1      | Reached XP level 2. HP: 16/24 MP: 2/2
  1526 | D:2      | Reached ** piety under Trog
  1545 | D:2      | Reached XP level 3. HP: 26/29 MP: 3/3
  2624 | D:3      | Noticed Robin
  2632 | D:3      | Gained mutation: You may rarely emit foul miasma when
                  | damaged in melee. [demonic ancestry]
  2632 | D:3      | Reached XP level 4. HP: 32/35 MP: 4/4
  2635 | D:3      | Killed Robin
  3059 | D:3      | Reached *** piety under Trog
  3064 | D:3      | Reached XP level 5. HP: 18/42 MP: 5/5
  3274 | D:3      | Noticed a water moccasin
  3280 | D:3      | Killed a water moccasin
  3833 | D:4      | Gained mutation: You have a pair of small antennae on your
                  | head. [demonic ancestry]
  3833 | D:4      | Reached XP level 6. HP: 46/48 MP: 6/6
  4328 | D:4      | Noticed a two-headed ogre
  4335 | D:4      | Mangled by a two-headed ogre

Illustrated notes

Levels and vault maps discovered:
D:1:      kennysheep_arrival_seaside, layout_basic, minmay_misc_feat_encased,
          minmay_stone_trees_small
D:2:      layout_basic, nicolae_underground_beach
D:3:      layout_basic, nicolae_figureground_pulse, uniq_robin
D:4:      layout_loops_ring, minmay_bent

Skill      XL: |  1  2  3  4  5  6 |
---------------+-------------------+-----
Armour         | 2 3 |  3.2
Dodging        | 2 3 |  3.3
Maces & Flails | 3 4 |  4.0
Fighting       | 4 |  4.2

Action                   |  1- 3 |  4- 6 || total
-------------------------+-------+-------++-------
Melee: Mace              |    87 |    20 ||   107
       Flail             |       |    61 ||    61
  Use: Scroll            |     4 |     6 ||    10
 Stab: Sleeping          |     1 |       ||     1
Armor: Animal skin       |    14 |       ||    14
       Ring mail         |     7 |    13 ||    20
       Plate armour      |       |    21 ||    21
Dodge: Dodged            |    54 |    33 ||    87

Table legend: (Time is in decaauts)
 A = Elapsed time spent in this place.
 B = Non-inter-level travel time spent in this place.
 C = Inter-level travel time spent in this place.
 D = Time resting spent in this place.
 E = Time spent auto-exploring this place.
 F = Levels seen in this place.
 G = Mean time per level.
                   A        B        C        D        E       F      G
               +--------+--------+--------+--------+--------+-----+--------+
         Total |   4377 |   4289 |     88 |      0 |   3630 |   4 | 1094.2 |
       Dungeon |   4377 |   4289 |     88 |      0 |   3630 |   4 | 1094.2 |
               +--------+--------+--------+--------+--------+-----+--------+

Top non-repeatable levels by time:
     D:3: 1396 daAuts
     D:2: 1251 daAuts
     D:1: 1061 daAuts
     D:4: 668 daAuts
